 Dungeon Crawl Stone Soup version 0.30-a0-626-gd6a5dd7a1f (webtiles) character file.

Game seed: 6455233667452856878

30 Bnni the Vexing (level 3, -3/26 HPs)
             Began as a Formicid Hexslinger on Jan 11, 2023.
             Slain by Terence
             ... wielding a +0 mace
              (8 damage)
             ... on level 2 of the Dungeon.
             The game lasted 00:00:40 (226 turns).

Bnni the Vexing (Formicid Hexslinger)                Turns: 226, Time: 00:00:41

Health: -3/26      AC:  2    Str: 14    XL:     3   Next: 37%
Magic:  1/5        EV: 12    Int: 14    God:
Gold:   0          SH:  0    Dex: 14    Spells: 0/4 levels left

rFire   . . .      SeeInvis +    a - +1 sling
rCold   . . .      Faith    .    (no shield)
rNeg    . . .      Spirit   .    c - +0 robe
rPois   .          Reflect  .    (helmet unavailable)
rElec   .          Harm     .    (no cloak)
rCorr   .          Rampage  .    (no gloves)
Will    .....                    (no boots)
Stlth   +                        d - amulet of the acrobat
HPRegen 0.24/turn                (no ring)
MPRegen 0.09/turn                (no ring)

@: very slightly contaminated
A: permanent stasis, dig shafts and tunnels, antennae 3, four strong arms
a: Dig, Shaft Self


You were on level 2 of the Dungeon.
You visited 1 branch of the dungeon, and saw 2 of its levels.

Inventory:

Hand Weapons
 a - a +1 sling (weapon)
Armour
 c - a +0 robe (worn)
Jewellery
 d - an amulet of the acrobat (around neck)
Scrolls
 b - a scroll of poison


   Skills:
 + Level 1.4 Fighting
 * Level 2.5 Ranged Weapons
 - Level 1.7 Dodging
 + Level 1.4 Spellcasting
 * Level 4.0 Hexes
 * Level 1.1 Fire Magic


You couldn't memorise any spells.
You knew the following spells:

 Your Spells              Type           Power      Damage    Failure   Level
a - Slow                  Hex            48%        N/A       4%          1
b - Inner Flame           Hex/Fire       8%         N/A       26%         3

Your spell library contained the following spells:

 Spells                   Type           Power      Damage    Failure   Level
 Portal Projectile        Hex/Tloc       12%        N/A       32%         3
 Cause Fear               Hex            6%         N/A       43%         4


Dungeon Overview and Level Annotations

Branches:
Dungeon (1/15)

Altars:

Annotations:
D:2 Terence


Innate Abilities, Weirdness & Mutations

You cannot be hasted, slowed, berserked, paralysed or teleported.
You can dig through walls and to a lower floor.
You have a pair of large antennae on your head. (SInv)
Your four strong arms can wield two-handed weapons with a shield.


Message History

Aim: Terence, wielding a +0 mace and wearing a +0 chain mail (heavily wounded, slow, 65% to hit)
You shoot a sling bullet. The sling bullet hits Terence.
Terence is severely wounded.
Terence barely misses you.
Fire: a) +1 sling
Press: ? - help, Shift-Dir - straight line, f/p - Terence
Aim: Terence, wielding a +0 mace and wearing a +0 chain mail (severely wounded, slow, 65% to hit)
You shoot a sling bullet.
The sling bullet completely misses Terence.
Terence is no longer moving slowly.
Terence completely misses you.
Fire: a) +1 sling
Press: ? - help, Shift-Dir - straight line, f/p - Terence
Aim: Terence, wielding a +0 mace and wearing a +0 chain mail (severely wounded, 65% to hit)
You shoot a sling bullet.
The sling bullet closely misses Terence.
Terence hits you with a +0 mace.
Casting: Slow (safe; 4% risk of failure)
Confirm with . or Enter, or press ? or * to list all spells.
Aiming: Slow (safe; 4% risk of failure)
Press: ? - help, Shift-Dir - straight line, f/p - Terence
Aim: Terence, wielding a +0 mace and wearing a +0 chain mail (severely wounded, chance to affect: 54%) Terence resists with significant effort.
Terence hits you with a +0 mace.
* * * LOW HITPOINT WARNING * * *
Casting: Slow (safe; 4% risk of failure)
Confirm with . or Enter, or press ? or * to list all spells.
Aiming: Slow (safe; 4% risk of failure)
Press: ? - help, Shift-Dir - straight line, f/p - Terence
Aim: Terence, wielding a +0 mace and wearing a +0 chain mail (severely wounded, chance to affect: 54%)
You miscast Slow.
You are very lightly contaminated with residual magic.
Nothing appears to happen.
Terence barely misses you.
Casting: Slow (safe; 4% risk of failure)
Confirm with . or Enter, or press ? or * to list all spells.
Aiming: Slow (safe; 4% risk of failure)
Press: ? - help, Shift-Dir - straight line, f/p - Terence
Aim: Terence, wielding a +0 mace and wearing a +0 chain mail (severely wounded, chance to affect: 54%) Terence resists with significant effort.
Terence hits you with a +0 mace!
You die...

..........# ###...####
#######.#.#####...#....##
#.#.#.#....##.....#
...##.#.#.#...)...#...#
.........)...##...##..#
...##.#.).....#.......#
#...........##.#..#
#.#.#.#.##..#..#.##
...#.#.#.##@...##.# #..
......##@##.##.#
..>..............##.#
##...#.#.#.##)##.##.#
...........##.#
...........# ...#.##.##.#
.. #...........
!..............


You could see Terence.

Vanquished Creatures
  Jessica (D:2)
  An endoplasm (D:2)
  A goblin (D:1)
  A ball python (D:2)
  2 kobolds (D:2)
6 creatures vanquished.

Notes
Turn   | Place    | Note
-------+----------+-------------------------------------------
     0 | D:1      | Bnni the Formicid Hexslinger began the quest for the Orb.
     0 | D:1      | Reached XP level 1. HP: 15/15 MP: 2/2
    42 | D:1      | You fall into a shaft and drop 1 floor!
    55 | D:2      | Noticed Jessica
    71 | D:2      | Killed Jessica
    72 | D:2      | Reached skill level 4 in Hexes
    72 | D:2      | Reached skill level 1 in Fire Magic
    72 | D:2      | Reached XP level 2. HP: 2/21 MP: 0/4
    72 | D:2      | Reached XP level 3. HP: 2/26 MP: 0/5
    76 | D:2      | Learned a level 3 spell: Inner Flame
   202 | D:2      | Noticed Terence
   226 | D:2      | Slain by Terence

Illustrated notes

Levels and vault maps discovered:
D:1:      co_arrival_random_square_maze, layout_basic
D:2:      layout_basic, ebering_ecumenical_altar_ruins, serial_bayou_pond_c,
          minmay_tromino_v4_c, uniq_natasha, uniq_jessica, uniq_terence,
          uniq_robin

Skill      XL: |  1 |
---------------+----+-----
Hexes          | 4 |  4.0
Fire Magic     | 1 |  1.1
Fighting       | |  1.4
Ranged Weapons | |  2.5
Dodging        | |  1.7
Spellcasting   | |  1.4

Action                   || total
-------------------------++-------
 Fire: Sling             ||    28
 Cast: Slow              ||     7
Dodge: Dodged            ||    11

Table legend: (Time is in decaauts)
 A = Elapsed time spent in this place.
 B = Non-inter-level travel time spent in this place.
 C = Inter-level travel time spent in this place.
 D = Time resting spent in this place.
 E = Time spent auto-exploring this place.
 F = Levels seen in this place.
 G = Mean time per level.
                   A        B        C        D        E       F      G
               +--------+--------+--------+--------+--------+-----+--------+
         Total |    233 |    233 |      0 |      0 |    159 |   2 |  116.5 |
       Dungeon |    233 |    233 |      0 |      0 |    159 |   2 |  116.5 |
               +--------+--------+--------+--------+--------+-----+--------+

Top non-repeatable levels by time:
     D:2: 190 daAuts
     D:1: 42 daAuts
